[Event "*** Titled Tuesday Blitz"]
[Site "Chess.com"]
[Date "2020.04.21"]
[Round "1"]
[White "AlexOstrovskiy"]
[Black "Grischuk"]
[Result "0-1"]
[WhiteElo "2477"]
[BlackElo "3086"]
[TimeControl "180+1"]
[EndTime "10:07:31 PDT"]
[Termination "Grischuk won on time"]

1. e4 c5 2. Nf3 d6 3. Bb5+ Bd7 4. Bxd7+ Nxd7 5. O-O Ngf6 6. Qe2 e6 7. c4 a6 8. Nc3 Rc8 9. b3 g6 10. d4 cxd4 11.
Nxd4 Bg7 12. Bb2 O-O 13. Rad1 Re8 14. Qd2 Qb6 15. Nde2 Nc5 16. Qe3 Ng4 17. Qg3 Ne5 18. Rd2 Bh6 19. Rd4 Qc7 20. Rfd1 Red8 21. Kh1 Qb8 22.
h3 Bg7 23. R4d2 b5 24. f4 Nc6 25. cxb5 axb5 26. Qf3 b4 27. Nb1 Bxb2 28. Rxb2 Ne7 29. Nd2 d5 30. e5 Qb5 31. Nf1 Ne4 32. Nd4 Qb6 33. Rc2 Rxc2 34. Nxc2 Rc8 35. Nd4 Rc3 0-1

[Event "*** Titled Tuesday Blitz"]
[Site "Chess.com"]
[Date "2020.04.21"]
[Round "1"]
[White "1977Ivan"]
[Black "KrakenBeast"]
[Result "1-0"]
[WhiteElo "2676"]
[BlackElo "2349"]
[TimeControl "180+1"]
[EndTime "10:07:31 PDT"]
[Termination "1977Ivan won by resignation"]

1. e4 c5 2. Nc3 Nc6 3. f4 g6 4. Nf3 Bg7 5. a3 e6 6. b4 cxb4 7. axb4 Nxb4 8. Ba3 Nc6 9. Nb5 Bf8 10. Nd6+ Bxd6 11. Bxd6 Nge7 12. h4 h5 13. d4 b6 14.
Bd3 Bb7 15. O-O Nc8 16. Ba3 d6 17. f5 gxf5 18. exf5 e5 19. dxe5 dxe5 20. Be4 Qxd1 21. Raxd1 f6 22. Rd2 Na5 23. Rfd1 Nd6 24. Rxd6 Bxe4 25.
Re6+ Kf7 26. Rd7+ Kg8 27. Rxf6 Rh7 28. Rg6+ Kh8 29. Rxh7+ Kxh7 30. Ng5+ Kh8 31. Nxe4 Rg8 32. Rxg8+ Kxg8 33. Ng5 Nc4 34. Be7 e4 35. f6 Ne5 36.
Kf2 Nf7 37. Ke3 a6 38. Kxe4 a5 39. Kf5 a4 40. Ke6 Nh6 41. f7+ Nxf7 42. Nxf7 b5 43. Ng5 Kh8 44. Kf6 Kg8 45. Kg6 b4 46. Nf7 1-0

[Event "*** Titled Tuesday Blitz"]
[Site "Chess.com"]
[Date "2020.04.21"]
[Round "1"]
[White "Shant_Sargsyan"]
[Black "harvsp123"]
[Result "1-0"]
[WhiteElo "2986"]
[BlackElo "2471"]
[TimeControl "180+1"]
[EndTime "10:07:32 PDT"]
[Termination "Shant_Sargsyan won by resignation"]

1. d4 Nf6 2. Nf3 g6 3. g3 Bg7 4. Bg2 O-O 5. O-O d5 6. c4 c6 7. cxd5 cxd5 8. Ne5 Bf5 9. Nc3 Ne4 10. Bf4 Nxc3 11. bxc3 Nc6 12. Nd3 Re8 13. Qb3 e5 14.
Nxe5 Nxe5 15. dxe5 Bxe5 16. Bxd5 Be6 17. Rad1 Qf6 18. Bxe5 Qxe5 19. e3 Rac8 20. c4 b6 21.
Rd4 h5 22. Rfd1 Bg4 23. R1d2 Kg7 24. a4 Rc5 25. Qd3 Rec8 26. f4 Qe7 27. Qc3 Qf6 28. e4 Kh7 29. e5 Qe7 30. Qb4 h4 31. Qc3 h3 32. Qe3 Qe8 33. f5 gxf5 34. Rxg4 fxg4 35.
Be4+ f5 36. Bxf5+ Kg8 37. Qg5+ Kf8 38. Qh6+ Kg8 39. Be6+ 1-0

[Event "*** Titled Tuesday Blitz"]
[Site "Chess.com"]
[Date "2020.04.21"]
[Round "1"]
[White "GMBenjaminBok"]
[Black "fusaran"]
[Result "1-0"]
[WhiteElo "2870"]
[BlackElo "2452"]
[TimeControl "180+1"]
[EndTime "10:07:32 PDT"]
[Termination "GMBenjaminBok won on time"]

1. c4 Nf6 2. g3 c6 3. Bg2 d5 4.
Nf3 Bg4 5. Ne5 Be6 6. cxd5 Bxd5 7. Nf3 c5 8. Nc3 Bc6 9. O-O e6 10. Qc2 Be7 11. Rd1 b5 12. d4 Qb6 13. e4 Qb7 14. d5 Bd7 15. d6 Bd8 16. e5 Nd5 17. Nxd5 exd5 18. Qxc5 Bb6 19. Qxd5 Bc6 20. Qd3 Nd7 21. Bf4 Nc5 22. Qe2 Ne6 23. Be3 O-O 24. Ne1 Rfe8 25.
Bxc6 Qxc6 26. Rac1 Qb7 27. Qf3 Qa6 28. a3 Rec8 29.
Nd3 Qa4 30. Bxb6 axb6 31. Nb4 Rxc1 32. Rxc1 Nd4 33. Qe4 Ne6 34. Kg2 Rd8 35. h4 Qb3 36. Qe2 Nc5 37. Nc6 Re8 38. Qf3 1-0

[Event "*** Titled Tuesday Blitz"]
[Site "Chess.com"]
[Date "2020.04.21"]
[Round "1"]
[White "CrgKrishna"]
[Black "DanielTitichoca"]
[Result "1/2-1/2"]
[WhiteElo "2636"]
[BlackElo "2316"]
[TimeControl "180+1"]
[EndTime "10:07:32 PDT"]
[Termination "Game drawn by repetition"]

1. d4 Nf6 2. c4 g6 3. Nf3 Bg7 4. e3 O-O 5. Be2 b6 6. O-O Bb7 7. Nc3 d6 8. b3 Nbd7 9. Bb2 Ne4 10. Rc1 e5 11. Nxe4 Bxe4 12. dxe5 Nxe5 13. Nxe5 Bxe5 14. Bxe5 dxe5 15. Qxd8 Rfxd8 16. Rfd1 Kf8 17. f3 Bb7 18. Kf2 Ke7 19. Ke1 c5 20. Bd3 Rd6 21. Bc2 Rad8 22. Rxd6 Rxd6 23. Ke2 f5 24. h4 Kf6 25.
Rh1 h6 26. Rh3 f4 27. Rh1 a5 28. a4 Bc8 29. Rg1 Bf5 30. Bxf5 Kxf5 31. g3 g5 32. hxg5 hxg5 33. e4+ Kf6 34. gxf4 exf4 35. Rh1 Ke5 36. Rh5 Rg6 37. Rh8 Kd4 38. Kd2 g4 39. Rd8+ Ke5 40.
Re8+ Kd4 41. Rd8+ Ke5 42. Rd5+ Ke6 43. fxg4 Rxg4 44. Rf5 Rg2+ 45. Kc3 Rg3+ 46. Kc2 Rg2+ 47. Kc3 Rg3+ 48. Kc2 Rg4 49. Kc3 Rg3+ 1/2-1/2

[Event "*** Titled Tuesday Blitz"]
[Site "Chess.com"]
[Date "2020.04.21"]
[Round "1"]
[White "AryanTari"]
[Black "CalinGheorghiu"]
[Result "0-1"]
[WhiteElo "2903"]
[BlackElo "2478"]
[TimeControl "180+1"]
[EndTime "10:07:33 PDT"]
[Termination "CalinGheorghiu won by resignation"]

1. e4 e6 2. d4 d5 3. Nc3 Nf6 4.
e5 Nfd7 5. f4 c5 6. Nf3 Be7 7. Be3 b6 8. Qd2 O-O 9. Nd1 a5 10. c3 a4 11. Bd3 Ba6 12. O-O Bxd3 13. Qxd3 a3 14. b3 Nc6 15. Nf2 cxd4 16. Nxd4 Nxd4 17. cxd4 f5 18. Rac1 Qb8 19. Rc6 Kf7 20.
Rfc1 Rd8 21. g4 g6 22. gxf5 gxf5 23. Kh1 Rg8 24. Rxe6 Kxe6 25. Rc6+ Kf7 26. Qxf5+ Ke8 27. Qxh7 Rf8 28. f5 Qb7 29. f6 Rf7 30. Qg8+ Nf8 31. Rc1 Qd7 32. fxe7 Qxe7 33. Ng4 Qe6 34. Nf6+ Rxf6 35.
Qg3 Rf7 36. Bg5 Rc8 37. Qe3 Rxc1+ 38. Qxc1 Qd7 39. Bf6 Ne6 40. Qh6 Qc6 41. Qg6 Qc1+ 42. Qg1 Qxg1+ 43. Kxg1 Nxd4 44. h4 Ne6 45. h5 Rh7 0-1

[Event "*** Titled Tuesday Blitz"]
[Site "Chess.com"]
[Date "2020.04.21"]
[Round "1"]
[White "El_ultimo_Pablo"]
[Black "dalmatinac101"]
[Result "0-1"]
[WhiteElo "2430"]
[BlackElo "2808"]
[TimeControl "180+1"]
[EndTime "10:07:33 PDT"]
[Termination "dalmatinac101 won by resignation"]

1. d4 Nf6 2. c4 g6 3. Nc3 Bg7 4. e4 d6 5. Nf3 O-O 6. Be2 e5 7. O-O Nc6 8. dxe5 Nxe5 9. Nxe5 dxe5 10. Qxd8 Rxd8 11. Bg5 c6 12. Rfd1 Be6 13. b3 h6 14.
Be3 Nd7 15. f3 Bf8 16. Rac1 f5 17. Kf1 a5 18. exf5 gxf5 19. Na4 f4 20. Bf2 Ba3 21. Rc3 Bb4 22. Rcc1 Kf7 23. Nb6 Nxb6 24. Bxb6 Rxd1+ 25. Bxd1 h5 26. Bc2 a4 27. Rd1 axb3 28. Bxb3 Ke7 29. Bc7 Bc3 30. Bd6+ Kf7 31. Bc7 Bd4 32. Bd6 h4 33. h3 c5 34. Bc7 Bf5 35. Ke2 Ke6 36.
a4 Rg8 37. Kf1 Rg3 38. a5 Bxh3 39. gxh3 Rxf3+ 40. Ke2 Rxb3 41. Rd2 f3+ 42. Kd1 0-1

[Event "*** Titled Tuesday Blitz"]
[Site "Chess.com"]
[Date "2020.04.21"]
[Round "1"]
[White "checkmatequen"]
[Black "Gahan-MG"]
[Result "0-1"]
[WhiteElo "2231"]
[BlackElo "2585"]
[TimeControl "180+1"]
[EndTime "10:07:33 PDT"]
[Termination "Gahan-MG won by resignation"]

1. e4 Nf6 2. e5 Nd5 3. d4 d6 4. c4 Nb6 5. exd6 exd6 6. Nc3 Be7 7. Be3 O-O 8. Bd3 Nc6 9. Nge2 Bf6 10. b3 Re8 11.
O-O Bg4 12. Qd2 g6 13. h3 Bxe2 14. Nxe2 d5 15. c5 Nc8 16. b4 Bg7 17. b5 N6e7 18. Bg5 Qd7 19. a4 f6 20. Bh6 Nf5 21. Bxf5 Qxf5 22.
Bxg7 Kxg7 23. Ng3 Qd7 24. Rfe1 Ne7 25. Re2 c6 26. Rae1 Ng8 27. Qa5 Rxe2 28. Rxe2 a6 29.
bxc6 Qxc6 30. Qb4 a5 31. Qb3 Rb8 32. Rb2 Ne7 33. Ne2 Nf5 34. Qb5 Qc7 35. c6 Nd6 36. Qxd5 bxc6 37. Qa2 Rb6 38. Rc2 Qb8 39. g3 Nf5 40.
Qe6 Qd6 41. Qxd6 Nxd6 42. Rc5 Nb7 43. Rc4 Kf7 44. Nc3 Ke7 45. Kg2 Kd6 46. d5 cxd5 47. Rd4 Rb4 48. Rxd5+ Ke6 49. Rb5 Kd6 50. Rxb4 axb4 51.
Nb5+ Kc5 52. Kf3 Kc4 53. Ke3 Nc5 54. Kd2 Nxa4 55. Kc2 Kxb5 0-1

[Event "*** Titled Tuesday Blitz"]
[Site "Chess.com"]
[Date "2020.04.21"]
[Round "1"]
[White "Kaponov"]
[Black "BursaBBSatranc"]
[Result "0-1"]
[WhiteElo "2115"]
[BlackElo "2517"]
[TimeControl "180+1"]
[EndTime "10:07:33 PDT"]
[Termination "BursaBBSatranc won on time"]

1. d4 d5 2. c4 c6 3. Nf3 Nf6 4. e3 Bf5 5. Nc3 e6 6. Nh4 Bg6 7. Qb3 Qc7 8. Bd2 Be7 9. Rc1 Nbd7 10. cxd5 exd5 11. Nxd5 Nxd5 12. Qxd5 Bxh4 13. Qb3 O-O 14. g3 Bf6 15. Bg2 Qb6 16. Qa3 Qb5 17. b3 Rfe8 18. Qb2 Nc5 19. Bf1 Nd3+ 20. Bxd3 Qxd3 21. Rc3 Qxd4 22. O-O Qg4 23. f3 Qd7 24. Qc1 Bxc3 25. Bxc3 Qd3 26. e4 f5 27. e5 f4 28. gxf4 Rad8 29.
Rf2 Bf5 30. Kg2 Qd7 31. Bb2 Qe6 32. Rd2 Qg6+ 33. Kf2 Bh3 34. Qc4+ Kh8 35. Rxd8 Qg2+ 36. Ke3 Rxd8 37. Bc3 Bf5 38. e6 Qg1+ 0-1

[Event "*** Titled Tuesday Blitz"]
[Site "Chess.com"]
[Date "2020.04.21"]
[Round "1"]
[White "NZT72"]
[Black "GadimbayliA"]
[Result "0-1"]
[WhiteElo "2464"]
[BlackElo "2936"]
[TimeControl "180+1"]
[EndTime "10:07:34 PDT"]
[Termination "GadimbayliA won by resignation"]

1. c4 e5 2. g3 Nf6 3. Bg2 d5 4. cxd5 Nxd5 5. Nc3 Nb6 6. Nf3 Nc6 7. O-O Be7 8. d3 O-O 9. Be3 Be6 10. Rc1 f5 11. a3 g5 12. Na4 g4 13. Nd2 Bd5 14.
Bxd5+ Nxd5 15. Bc5 b6 16. Bxe7 Ncxe7 17. b4 h5 18. Nc3 h4 19. Nxd5 Nxd5 20. Qb3 Rf7 21. Rc6 Qd7 22. Rfc1 hxg3 23. hxg3 f4 24. Rh6 Kg7 25.
Rh4 Rh8 26. Rxh8 Kxh8 27. Ne4 Kg7 28. Qc4 f3 29. e3 Kg6 30. d4 Rh7 31. Qc6+ Qxc6 32.
Rxc6+ Kf5 33. Nc3 Nxc3 34. Rxc3 exd4 35. exd4 Ke4 36. Rc1 Kxd4 37. a4 c5 38. bxc5 bxc5 39. Rd1+ Kc3 40. Rc1+ Kb4 0-1

[Event "*** Titled Tuesday Blitz"]
[Site "Chess.com"]
[Date "2020.04.21"]
[Round "1"]
[White "fidezivkovic"]
[Black "Pavlov_Sergey"]
[Result "0-1"]
[WhiteElo "2294"]
[BlackElo "2624"]
[TimeControl "180+1"]
[EndTime "10:07:34 PDT"]
[Termination "Pavlov_Sergey won on time"]

1. e4 Nf6 2. e5 Nd5 3. d4 d6 4. c4 Nb6 5. exd6 exd6 6. Nc3 Nc6 7.
d5 Ne5 8. Be2 Be7 9. b3 O-O 10. Bb2 Re8 11. f4 Ned7 12. Nf3 Bf6 13. O-O Nc5 14. Nd4 a5 15. Re1 a4 16. Rb1 axb3 17.
axb3 Bxd4+ 18. Qxd4 Nxb3 19. Qf2 Bf5 20. Rbd1 Bc2 21. Nb5 Bxd1 22. Rxd1 Ra2 23. Bf3 Na4 24. Qa7 Nc3 25. Qxb7 Nxd1 26. Bxd1 Rxb2 27. h3 Re1+ 28. Kh2 Rxd1 29. Nxc7 Rdd2 30. Nb5 Rxg2+ 31. Kh1 Rgd2 32. Nc3 h5 33. Qa7 Nc5 34. Qa1 Qh4 35. Qf1 Rh2+ 36. Kg1 Qg3+ 0-1

[Event "*** Titled Tuesday Blitz"]
[Site "Chess.com"]
[Date "2020.04.21"]
[Round "1"]
[White "MarcoCorvi"]
[Black "MPGM"]
[Result "0-1"]
[WhiteElo "2153"]
[BlackElo "2544"]
[TimeControl "180+1"]
[EndTime "10:07:34 PDT"]
[Termination "MPGM won on time"]

1. c4 e6 2. Nc3 d5 3. cxd5 exd5 4. d4 c6 5. Bf4 Bd6 6. Bxd6 Qxd6 7. e3 Bf5 8. Bd3 Bxd3 9. Qxd3 Nf6 10. Nf3 Nbd7 11. O-O O-O 12. a4 Rfe8 13. a5 a6 14. Nd2 Ng4 15.
g3 Qh6 16. Nf3 Ndf6 17. Kg2 Ne4 18. h3 Ngxf2 19. Rxf2 Qxh3+ 20. Kg1 Qxg3+ 21. Rg2 Qxf3 22. Rf1 Qh3 23. Ne2 Qh6 24. Nf4 Kh8 25. Rf3 g5 26. Rh3 Qg7 27. Qd1 f5 28. Nh5 Qf7 29. Ng3 Re6 30.
Qf1 Rf8 31. Rgh2 Nxg3 32. Rxg3 Rg6 33. Rgh3 Rg7 34. Qd3 Qe6 35. Rh6 Qe4 36. Qe2 g4 37. Qf2 f4 0-1

[Event "*** Titled Tuesday Blitz"]
[Site "Chess.com"]
[Date "2020.04.21"]
[Round "1"]
[White "eljanov"]
[Black "adriangschnitzer"]
[Result "1-0"]
[WhiteElo "2806"]
[BlackElo "2424"]
[TimeControl "180+1"]
[EndTime "10:07:35 PDT"]
[Termination "eljanov won by resignation"]

1. Nf3 c5 2. c4 Nf6 3. Nc3 Nc6 4. d4 cxd4 5. Nxd4 e6 6. e4 Bb4 7. Nxc6 bxc6 8. Bd3 O-O 9. O-O e5 10. Qe2 d6 11. Na4 Qe7 12. a3 Ba5 13. b4 Bc7 14. Bg5 h6 15. Bh4 Qe6 16. Rac1 Rd8 17. f3 g5 18. Bf2 Nh5 19. g3 Ng7 20. Rfd1 Bb7 21. Rc2 f5 22. exf5 Nxf5 23. Qe4 Rf8 24. g4 Ng7 25.
Nc3 Rf4 26. Qh7+ Kf7 27. Be4 Qxc4 28. Nd5 Rxe4 29. Rxc4 Rxc4 30. Nxc7 Rc8 31. Ne6 Kxe6 32. Qxg7 Ba6 33. Qxh6+ Kf7 34. Qxd6 Re8 35. Qd7+ Re7 36.
Qf5+ Ke8 37. Qxg5 Rf4 38. Qg8+ Rf8 39. Qg6+ Rff7 40. Qxc6+ 1-0

[Event "*** Titled Tuesday Blitz"]
[Site "Chess.com"]
[Date "2020.04.21"]
[Round "1"]
[White "Natalya_Buksa"]
[Black "Andreikka"]
[Result "0-1"]
[WhiteElo "2467"]
[BlackElo "2961"]
[TimeControl "180+1"]
[EndTime "10:07:37 PDT"]
[Termination "Andreikka won by resignation"]

1. e4 e5 2. Nf3 Nc6 3. Bc4 Bc5 4. c3 Nf6 5. d4 exd4 6. e5 d5 7.
Bb5 Ne4 8. cxd4 Bb6 9. Nc3 O-O 10. Be3 Bg4 11. h3 Bh5 12. Qb3 Ne7 13. Qc2 Bg6 14. Bd3 Nxc3 15. bxc3 Qd7 16. O-O Rac8 17. Ne1 c5 18. Qe2 cxd4 19. cxd4 Rc3 20. Bxg6 hxg6 21. Nf3 Nf5 22. Rfc1 Rfc8 23. Rxc3 Rxc3 24. Qd2 Qc6 25. Ng5 Rc2 26. Qd3 Qc4 27. Qa3 Bxd4 28. Bxd4 Qxd4 29. Rf1 Qxe5 30. Qxa7 Qc7 31. Qa8+ Qc8 32. Qa4 Rc4 33. Qb5 Nd4 34. Qb6 f6 35. Rd1 fxg5 36. Rxd4 Rxd4 37.
Qxd4 Qc1+ 38. Kh2 Qf4+ 39. Qxf4 gxf4 40. Kg1 Kf7 41. Kf1 Ke6 42. Ke2 d4 43. Kd3 Kd5 44. a3 g5 45. g3 fxg3 46. fxg3 b5 47. h4 gxh4 48. gxh4 g6 49. Kd2 Ke4 50. Ke2 d3+ 51. Kd2 Kd4 52. Kd1 Kc3 53. Kc1 Kb3 54. Kd2 Kxa3 55. Kxd3 b4 56. Ke4 b3 57. Kf4 b2 58.
Kg5 b1=Q 59. Kh6 Qf5 0-1

[Event "*** Titled Tuesday Blitz"]
[Site "Chess.com"]
[Date "2020.04.21"]
[Round "1"]
[White "vpsetter"]
[Black "Quattroporte300"]
[Result "1-0"]
[WhiteElo "2612"]
[BlackElo "2279"]
[TimeControl "180+1"]
[EndTime "10:07:37 PDT"]
[Termination "vpsetter won on time"]

1. e4 e5 2. Nf3 Nc6 3. d4 exd4 4. Nxd4 Nf6 5. Nxc6 bxc6 6. e5 Qe7 7. Qe2 Nd5 8. c4 Nb6 9. Nc3 Bb7 10. Bf4 O-O-O 11. O-O-O g6 12. h4 h6 13. g4 Bg7 14. Bg2 Rhe8 15. Rde1 Qb4 16. Rh3 Qxc4 17. Qd2 Kb8 18. Re4 Qe6 19. Bxh6 Bxe5 20. Rhe3 Bxc3 21. Qxc3 Nd5 22.
Rxe6 fxe6 23. Bxd5 cxd5 24. Bg5 Rc8 25. Bf6 d6 26. h5 c5 27. Qa5 d4 28. Ra3 a6 29. h6 e5 30. h7 e4 31. Rh3 e3 32.
fxe3 1-0

[Event "*** Titled Tuesday Blitz"]
[Site "Chess.com"]
[Date "2020.04.21"]
[Round "1"]
[White "kungmongmanh"]
[Black "Rinas_Oleg"]
[Result "1-0"]
[WhiteElo "2589"]
[BlackElo "2233"]
[TimeControl "180+1"]
[EndTime "10:07:37 PDT"]
[Termination "kungmongmanh won on time"]

1. d4 Nf6 2. c4 e6 3. Nc3 d5 4. cxd5 exd5 5. Bg5 Be7 6. e3 O-O 7. Bd3 c6 8. Qc2 h6 9. Bh4 Be6 10. Nf3 Nbd7 11. O-O Re8 12. Rab1 a6 13. b4 b5 14.
a4 Nb6 15. Ne5 Qc8 16. f4 Nc4 17. Bxc4 bxc4 18. f5 Bd7 19. b5 axb5 20. axb5 cxb5 21. Bxf6 Bxf6 22. Nxd5 Bxe5 23. dxe5 Qc5 24. Rbd1 Rxe5 25. Nf6+ gxf6 26. Rxd7 b4 27. Qd1 Qxe3+ 28. Kh1 Re4 29.
Qh5 Rf8 30. h3 Qg5 31. Qf3 Re3 32. Qf2 c3 33. Rd4 b3 34. Rg4 Qxg4 35. hxg4 Rfe8 36. Qh4 Kg7 37. g5 1-0

[Event "*** Titled Tuesday Blitz"]
[Site "Chess.com"]
[Date "2020.04.21"]
[Round "1"]
[White "EfM13"]
[Black "bancsoo"]
[Result "0-1"]
[WhiteElo "2379"]
[BlackElo "2738"]
[TimeControl "180+1"]
[EndTime "10:07:38 PDT"]
[Termination "bancsoo won by resignation"]

1. e4 e5 2. Nf3 Nc6 3. Bb5 a6 4. Ba4 b5 5. Bb3 Na5 6. O-O d6 7. d4 exd4 8. Qxd4 Bb7 9. Bg5 Ne7 10. c3 Nxb3 11. axb3 h6 12. Bh4 Qd7 13. Nbd2 Ng6 14. Bg3 f6 15. Rfe1 Ne5 16. Nxe5 dxe5 17. Qxd7+ Kxd7 18. b4 c5 19. bxc5 Bxc5 20. Nb3 Bb6 21. Red1+ Ke6 22. Re1 a5 23. Kh1 Rhd8 24. Re2 a4 25. Nd2 Ba6 26. Nf3 b4 27. Rd2 bxc3 28. bxc3 Rxd2 29. Nxd2 Bd3 30. f3 Bc5 31. Be1 a3 32. g3 a2 33. Nb3 Be7 34. Nc1 Bb1 35.
c4 Bc5 36. Bc3 Bd4 37. Ne2 Bd3 38. Bxd4 Bxe2 39. Bc3 Bxf3+ 40. Kg1 Bxe4 41. Kf2 Bb1 42. Ke3 Kd6 43. Bb4+ Kc6 44. h3 Ra4 45. Bc3 Rxc4 46. Kd2 Rxc3 47. Kxc3 Kd5 48. Kd2 Ke4 49. Ke2 f5 50. h4 f4 51. gxf4 exf4 0-1

[Event "*** Titled Tuesday Blitz"]
[Site "Chess.com"]
[Date "2020.04.21"]
[Round "1"]
[White "Kobalia"]
[Black "kakakz"]
[Result "1/2-1/2"]
[WhiteElo "2700"]
[BlackElo "2380"]
[TimeControl "180+1"]
[EndTime "10:07:39 PDT"]
[Termination "Game drawn by repetition"]

1. e4 c5 2. Nf3 d6 3. Bb5+ Bd7 4. Bxd7+ Nxd7 5. O-O Ngf6 6. Qe2 e6 7. c3 Be7 8. Rd1 O-O 9. d4 cxd4 10. cxd4 d5 11. e5 Ne4 12. Ne1 h6 13. f3 Ng5 14. Nc3 Rc8 15. f4 Nh7 16. Nf3 Nb8 17. g4 Nc6 18. f5 Ng5 19. Kh1 Nxf3 20. Qxf3 Bg5 21. h3 Bxc1 22.
Raxc1 Qb6 23. f6 g6 24. Qe3 Kh7 25. Na4 Qd8 26. Nc5 Rc7 27. b3 Qc8 28. Rc3 b6 29. Nd3 Qb7 30. Rdc1 Rfc8 31. g5 h5 32. Nf4 Nd8 33. Qf3 Rxc3 34. Rxc3 Rxc3 35. Qxc3 Qc6 36. Ne2 Qxc3 37. Nxc3 Nc6 38. Ne2 Nb4 39. a3 Nc2 40. a4 a5 41. Kg2 Na1 42. Nc1 Nc2 43. Ne2 Na1 44. Nc1 Nc2 45. Ne2 1/2-1/2

[Event "*** Titled Tuesday Blitz"]
[Site "Chess.com"]
[Date "2020.04.21"]
[Round "1"]
[White "Semen_Khanin"]
[Black "ntmh281"]
[Result "1-0"]
[WhiteElo "2612"]
[BlackElo "2281"]
[TimeControl "180+1"]
[EndTime "10:07:39 PDT"]
[Termination "Semen_Khanin won by resignation"]

1. e4 c5 2. Nf3 g6 3. d4 cxd4 4. Qxd4 Nf6 5. Nc3 Nc6 6. Qa4 d6 7. e5 dxe5 8. Nxe5 Qd4 9. Nxc6 Qxa4 10. Nxa4 bxc6 11. Bd2 Ne4 12. Ba5 Bg7 13. f3 Nd6 14. O-O-O O-O 15. Bc3 Be6 16. Bxg7 Kxg7 17. Nc5 Bd5 18.
b3 f5 19. Ba6 Rfd8 20. Rhe1 Kf6 21. c4 Bf7 22. Nb7 Rd7 23. c5 Rxb7 24. cxd6 Rd7 25.
dxe7 Rxe7 26. Rd6+ Re6 27. Rexe6+ Bxe6 28. Bc4 Re8 29.
Rxc6 g5 30. Kd2 Ke5 31. Rxe6+ Rxe6 32. Bxe6 Kxe6 33. b4 Kd5 34. Kd3 h5 35. a4 a6 36.
h3 h4 37. Kc3 Ke5 38. b5 axb5 39.
axb5 Kf4 40. b6 Kg3 41. b7 Kxg2 42. b8=Q Kxh3 43. Qc8 Kg2 44. Qxf5 h3 45. Qg4+ Kh1 46. Qxh3+ 1-0

[Event "*** Titled Tuesday Blitz"]
[Site "Chess.com"]
[Date "2020.04.21"]
[Round "1"]
[White "arctic_t00"]
[Black "wonderfultime"]
[Result "0-1"]
[WhiteElo "2456"]
[BlackElo "2898"]
[TimeControl "180+1"]
[EndTime "10:07:40 PDT"]
[Termination "wonderfultime won by resignation"]

1. d4 d5 2. c4 c6 3. Nf3 Nf6 4. Nbd2 Bf5 5. Nh4 Bg4 6. h3 Bc8 7. e3 g6 8. Be2 Bg7 9. O-O O-O 10. Nhf3 b6 11. b4 Bb7 12. Bb2 Nbd7 13. Qb3 Re8 14. a4 e6 15. Rfd1 Rb8 16. a5 c5 17. dxc5 bxc5 18. b5 Qc7 19. Rdc1 Rec8 20. Ra4 Ba8 21. Qa2 Qd6 22. Qa1 Ne8 23. Bxg7 Nxg7 24. Rd1 Qe7 25. Ne5 Nf6 26. Bf3 h5 27. g3 Nf5 28. Bg2 Nd6 29. g4 hxg4 30. hxg4 Nh7 31. f4 Qh4 32. Ndf3 Qg3 33. Qb1 Nxc4 34. Nxg6 Nxe3 35. Ne7+ Kf8 36. Rd2 Kxe7 37. Qxh7 Nxg2 38. Rxg2 Qxf3 39. g5 Rh8 40. Qg7 Qe3+ 41. Kf1 Rh1+ 0-1

[Event "*** Titled Tuesday Blitz"]
[Site "Chess.com"]
[Date "2020.04.21"]
[Round "1"]
[White "DrBergerBerger"]
[Black "Beca95"]
[Result "0-1"]
[WhiteElo "2446"]
[BlackElo "2854"]
[TimeControl "180+1"]
[EndTime "10:07:40 PDT"]
[Termination "Beca95 won on time"]

1. e4 g6 2. d4 Bg7 3. Nc3 d6 4. Be3 a6 5. Qd2 b5 6. O-O-O Nd7 7. Kb1 b4 8. Nce2 a5 9. Nc1 c6 10. h4 h5 11. Nh3 Qc7 12. Ng5 Ngf6 13. Be2 e6 14. f4 Nb6 15. Rhf1 d5 16. e5 Ng8 17. Nb3 Nh6 18. Nc5 Bf8 19. c3 Bxc5 20. dxc5 Nd7 21.
c4 Ba6 22. Rc1 Nf5 23. Bf2 Bxc4 24. Bxc4 dxc4 25. Ne4 c3 26. bxc3 Rb8 27. Ka1 b3 28.
Rb1 a4 29. Rfd1 Ke7 30. Qd6+ Qxd6 31. cxd6+ Kf8 32. axb3 axb3 33. Kb2 Kg7 34. Ra1 Rb7 35. Ra6 f6 36. Rda1 fxe5 37. Ra7 Rhb8 38. Ng5 Kf6 39.
Ne4+ Kg7 40. Ng5 exf4 41. Nxe6+ Kf6 42. Nxf4 Ne5 43. Bd4 Nxd4 44. cxd4 Nc4+ 45. Kc3 Nxd6 46. Rxb7 Rxb7 47. Nd3 Ne4+ 0-1

[Event "*** Titled Tuesday Blitz"]
[Site "Chess.com"]
[Date "2020.04.21"]
[Round "1"]
[White "Angel_Hranitel_37"]
[Black "chito89"]
[Result "0-1"]
[WhiteElo "2399"]
[BlackElo "2768"]
[TimeControl "180+1"]
[EndTime "10:07:40 PDT"]
[Termination "chito89 won on time"]

1. d4 Nf6 2. Nf3 g6 3. g3 Bg7 4. Bg2 O-O 5. O-O d6 6. Nc3 Nbd7 7. a4 e5 8. dxe5 dxe5 9. Nd2 Qe7 10. b3 Rd8 11.
Ba3 c5 12. Nc4 Nb6 13. Bxc5 Rxd1 14. Bxe7 Rxa1 15. Rxa1 Nxc4 16. bxc4 Be6 17. c5 e4 18.
Rb1 Nd5 19. Nxd5 Bxd5 20. e3 Rc8 21. c4 Bc6 22. a5 f5 23. Rd1 Kf7 24. Bg5 Bc3 25.
h4 Bxa5 26. Ra1 b6 27. cxb6 Bxb6 28. h5 a5 29. hxg6+ hxg6 30. Bf1 a4 31. Bf4 Bc5 32.
Be5 Rd8 33. Bc3 Ke6 34. Be2 a3 35. Bd4 Bb4 36. Kf1 Ra8 37. Ra2 Ba4 38. Ra1 Bb3 0-1

[Event "*** Titled Tuesday Blitz"]
[Site "Chess.com"]
[Date "2020.04.21"]
[Round "1"]
[White "Noam_Vitenberg"]
[Black "I_Hit_18K_on_BS"]
[Result "1-0"]
[WhiteElo "2504"]
[BlackElo "2029"]
[TimeControl "180+1"]
[EndTime "10:07:40 PDT"]
[Termination "Noam_Vitenberg won by checkmate"]

1. d4 Nf6 2. c4 g6 3. Nc3 d5 4.
cxd5 Nxd5 5. e4 Nxc3 6. bxc3 Bg7 7. Nf3 c5 8. Be3 O-O 9. Rc1 cxd4 10. cxd4 Qa5+ 11.
Qd2 Qxd2+ 12. Nxd2 Nc6 13. d5 Ne5 14. Be2 h5 15. O-O Kh7 16. Rc7 e6 17. f4 Ng4 18.
Bxg4 hxg4 19. d6 b6 20. e5 Ba6 21. Rfc1 g5 22. g3 gxf4 23. gxf4 Kg6 24. Ne4 Kf5 25.
Ng3+ Kg6 26. R1c3 Bb5 27. Ra3 f6 28. exf6 Bxf6 29. Raxa7 Rxa7 30. Rxa7 Rd8 31. Ne4 Kf5 32. Nxf6 Kxf6 33. Bxb6 Rxd6 34. Bc5 Rd1+ 35. Kf2 Kf5 36. Kg3 Rg1+ 37. Bxg1 Bd3 38. Ra5+ Kf6 39. Re5 Bf5 40. Re3 Kg6 41. a3 Kf6 42. Bf2 Kg6 43. Be1 Kf6 44.
Bc3+ Kg6 45. Be5 Kf7 46. a4 Ke7 47. a5 Kd7 48. a6 Kc8 49. a7 Kb7 50. Bd4 Ka8 51.
Rb3 Be4 52. Rb8# 1-0

[Event "*** Titled Tuesday Blitz"]
[Site "Chess.com"]
[Date "2020.04.21"]
[Round "1"]
[White "Parhamov"]
[Black "LiamPutnam2008"]
[Result "1/2-1/2"]
[WhiteElo "3044"]
[BlackElo "2483"]
[TimeControl "180+1"]
[EndTime "10:07:41 PDT"]
[Termination "Game drawn by repetition"]

1. e4 c5 2. Nf3 d6 3. d4 cxd4 4.
Nxd4 Nf6 5. Nc3 g6 6. Bc4 Bg7 7. Bb3 O-O 8. f3 Nc6 9. Be3 Bd7 10. h4 h5 11. Qd2 Rc8 12. O-O-O Ne5 13. Bh6 Nc4 14.
Bxc4 Rxc4 15. Bxg7 Kxg7 16. g4 hxg4 17. h5 Rh8 18.
hxg6 fxg6 19. f4 Rxh1 20. Rxh1 Qb6 21. Rd1 Bc6 22. e5 Ne4 23. Nxe4 Bxe4 24. b3 Rc8 25. Kb2 g3 26. c3 Rh8 27. Qe3 Rh2+ 28. Rd2 Rxd2+ 29.
Qxd2 g2 30. Qe3 Qa6 31. Ne6+ Kg8 32. Ng5 Qd3 33. Qxa7 Qd2+ 34. Ka3 Qc1+ 35. Kb4 g1=Q 36. Qb8+ Kg7 37. Ne6+ Kf7 38. Nd8+ Kg7 39. Ne6+ Kf7 40. Nd8+ Kg7 41. Ne6+ 1/2-1/2

[Event "*** Titled Tuesday Blitz"]
[Site "Chess.com"]
[Date "2020.04.21"]
[Round "1"]
[White "dusanacns"]
[Black "pedromartinez91"]
[Result "1-0"]
[WhiteElo "2789"]
[BlackElo "2412"]
[TimeControl "180+1"]
[EndTime "10:07:41 PDT"]
[Termination "dusanacns won by resignation"]

1. d4 Nf6 2. Nf3 d5 3. Bf4 c5 4. e3 Nc6 5. Nbd2 cxd4 6. exd4 Bg4 7. c3 e6 8. Qb3 Bd6 9. Ne5 O-O 10. Bd3 Qc7 11. Nxg4 Nxg4 12. Bxd6 Qxd6 13. h3 Nf6 14. O-O Rab8 15. a4 Nh5 16. Rfe1 Nf4 17. Bf1 e5 18. dxe5 Nxe5 19. Re3 Nc6 20. Nf3 Qg6 21. g3 Ne6 22. Qxd5 Rfd8 23. Qe4 Qh6 24. Rae1 Rd6 25. h4 Qf6 26. b4 g6 27. a5 a6 28. h5 Rbd8 29.
hxg6 hxg6 30. Bh3 Kg7 31. Kg2 Ng5 32. Nxg5 Qxg5 33. Rf3 Rd2 34. Qc4 Ne5 35. Rxe5 Qxe5 36. Rxf7+ Kh6 37. Qh4+ Qh5 38. Qf4+ g5 39. Qf6+ Qg6 40.
Rh7+ Kxh7 41. Bf5 Qxf5 42. Qxf5+ Kh6 43. Qf6+ Kh7 44. Qxg5 R8d3 45. Qe7+ Kh6 46. Qxb7 Rxc3 47. Qxa6+ Kh7 48. Qb7+ Kh6 49. a6 Rcc2 50. Qb6+ Kh7 51. a7 Rb2 52. a8=Q Rxf2+ 53. Qxf2 Rxf2+ 54. Kxf2 1-0